 Dungeon Crawl Stone Soup version 0.29-a0-598-gd8304a5bf4 (webtiles) character file.

Game seed: 9512898917763952206

8287 croobank the Sneak (level 10, -2/83 HPs)
             Began as a Demigod Fire Elementalist on June 15, 2022.
             Slain by a cane toad (20 damage)
             ... on level 2 of the Lair of Beasts.
             The game lasted 00:45:00 (10991 turns).

croobank the Sneak (Demigod Fire Elementalist)     Turns: 10991, Time: 00:45:01

Health: -2/83      AC:  5    Str: 15    XL:     10   Next: 81%
Magic:  18/21      EV: 15    Int: 35    God:
Gold:   346        SH:  0    Dex: 18    Spells: 8/19 levels left

rFire   . . .      SeeInvis .   a - +11 hand axe of Defiance {freeze, Dex+4}
rCold   . . .      Faith    .   o - orb {*channel}
rNeg    . . .      Spirit   .   X - +0 troll leather armour
rPois   .          Reflect  .   (no helmet)
rElec   .          Harm     .   p - +0 cloak
rCorr   .          Rampage  .   (no gloves)
Will    +....                   (no boots)
Stlth   ++++......              (no amulet)
HPRegen 1.03/turn               e - +6 ring of intelligence
MPRegen 0.17/turn               Z - +6 ring of strength

@: lethally poisoned (-2 -> -23)
A: high MP 1, forlorn, divine attributes
a: no special abilities


You were on level 2 of the Lair of Beasts.
You visited 2 branches of the dungeon, and saw 12 of its levels.

You collected 545 gold pieces.
You spent 199 gold pieces at shops.

Inventory:

Hand Weapons
 a - the +11 hand axe of Defiance (weapon) {freeze, Dex+4}
   (You found it on level 3 of the Dungeon)

   It freezes those it strikes, dealing additional cold damage.
   It can also slow down cold-blooded creatures.
   Dex:       It affects your dexterity (+4).
 f - a +0 long sword
 h - a +3 dagger of draining
 r - a +0 trident
 u - a +0 rapier
 v - a +0 quarterstaff
 z - a +0 falchion
 C - the +7 dagger of the Ass {protect, rElec Str-3 Int+2}
   (You found it on level 4 of the Dungeon)

   It grants its wielder temporary protection when it strikes (+7 to AC).
   Str:       It affects your strength (-3).
   Int:       It affects your intelligence (+2).
   rElec:     It insulates you from electricity.
 F - a +0 hunting sling
 K - a +0 halberd
 L - a +0 antimagic war axe
 O - a +2 short sword of protection
 Q - a +0 shortbow
 S - a +0 morningstar
Missiles
 i - 237 stones
 s - 27 poisoned darts
 U - a boomerang
Armour
 c - a +0 leather armour
 d - a +0 ring mail
 n - a +1 robe of fire resistance
 o - an orb of energy (worn)
 p - a +0 cloak (worn)
 D - +2 steam dragon scales
 G - a +2 buckler
 T - a +0 kite shield
 X - a +0 troll leather armour (worn)
Jewellery
 e - a +6 ring of intelligence (left hand)
 B - a ring of willpower
 Y - a +4 ring of slaying
 Z - a +6 ring of strength (right hand)
Wands
 t - a wand of acid (13)
 J - a wand of flame (24)
 N - a wand of paralysis (7)
 V - a wand of mindburst (12)
 W - a wand of digging (15)
Scrolls
 w - a scroll of torment
 E - a scroll of vulnerability
 H - a scroll of silence
 P - 2 scrolls of teleportation
Potions
 b - a potion of magic
 g - 4 potions of lignification
 j - a potion of cancellation
 k - 2 potions of berserk rage
 l - a potion of brilliance
 q - 2 potions of haste
 x - a potion of mutation
 y - a potion of attraction
 A - 3 potions of curing
 I - a potion of flight
 M - a potion of might {unknown}


   Skills:
 + Level 6.2 Fighting
 + Level 3.3 Armour
 + Level 6.7 Dodging
 + Level 7.3 Stealth
 - Level 5.1 Spellcasting
 - Level 5.3 Conjurations
 + Level 3.2 Transmutations
 - Level 5.9 Fire Magic
 + Level 3.3 Poison Magic


You had 8 spell levels left.
You knew the following spells:

 Your Spells              Type           Power      Damage    Failure   Level
a - Foxfire               Conj/Fire      100%       2x1d9     1%          1
b - Scorch                Fire           100%       2d10      1%          2
c - Flame Wave            Conj/Fire      48%        2d10      4%          4
d - Sticky Flame          Conj/Fire      48%        2d7       4%          4

Your spell library contained the following spells:

 Spells                   Type           Power      Damage    Failure   Level
 Conjure Flame            Conj/Fire      48%        6-21      1%          3
 Ignite Poison            Fire/Tmut/Pois 38%        N/A       2%          3
 Inner Flame              Hex/Fire       29%        N/A       4%          3
 Cause Fear               Hex            4%         N/A       45%         4
 Summon Forest            Summ/Tloc      4%         N/A       80%         5
 Eringya's Noxious Bog    Tmut/Pois      16%        N/A       89%         6
 Summon Hydra             Summ           4%         N/A       100%        7
 Discord                  Hex            4%         N/A       100%        8


Dungeon Overview and Level Annotations

Branches:
Dungeon (10/15)            Temple (0/1) D:7            Lair (2/6) D:9
  Swamp: Lair:2-4    Shoals: Lair:2-4     Snake: Lair:2-4    Spider: Lair:2-4
    Orc: D:9-12

Shops:
D:2 *   D:5 =:?

Annotations:
D:7 2 transporters, exclusion: oklob plant, pigah's ghost, novice OpAE
D:8 DocClef's ghost, novice DrDe


Innate Abilities, Weirdness & Mutations

You have an increased reservoir of magic. (+10% MP)
You shall have no god before yourself.
Your divine heritage dramatically boosts your attributes as you level up.


Message History

The cane toad croaks.
You hear an angry hiss.
The yak bellows!
You hear a howl!
Casting: Foxfire (safe; 1% risk of failure)
Confirm with . or Enter, or press ? or * to list all spells.
You conjure some foxfire!
Your foxfire dissipates!
The foxfire hits the cane toad but does no damage.
Casting: Foxfire (safe; 1% risk of failure)
Confirm with . or Enter, or press ? or * to list all spells.
Flames lash the cane toad.
The cane toad is moderately wounded.
The cane toad's fire resistance burns away.
You hear a howl!
A cane toad comes into view.
Casting: Scorch (safe; 1% risk of failure)
Confirm with . or Enter, or press ? or * to list all spells.
Flames lash the cane toad.
The cane toad is burned terribly!
The cane toad is heavily wounded.
You hear a bellow!
The bullfrog gives a loud, deep croak!
You slash the cane toad! You freeze the cane toad.
The cane toad is severely wounded.
The cane toad closely misses you.
A yak comes into view.
The yak gores you! The cane toad stings you.
You are poisoned.
The cane toad poisons you! The cane toad attacks as you move away!
The cane toad misses you.
You feel very sick.
You feel very sick. The cane toad attacks as you move away!
The cane toad closely misses you.
You feel very sick. The yak attacks as you move away! The yak gores you!
The cane toad attacks as you move away! The cane toad stings you!
You feel sick. The yak attacks as you move away! The yak gores you.
You feel sick. The cane toad stings you!!
* * * LOW HITPOINT WARNING * * *
You are lethally poisoned!
The cane toad poisons you! The cane toad stings you!!
You die...

.................
.....P...........
....##......###..
...###.......###
#. #.#..........#
.. #..F......##.#
##.#..Y.....#...
#.....FF......#..
##....@..........
#..............
##.............
##............
###.........
####...... #.....
....


You could see a yak, 2 cane toads and a bullfrog.

Vanquished Creatures
  A hydra (Lair:1)
  A black mamba (Lair:1)
  A cane toad (Lair:1)
  A rime drake (Lair:1)
  A troll (D:9)
  A polar bear (Lair:1)
  12 yaks
  3 steam dragons
  An acid dragon (D:9)
  3 water moccasins
  An ice beast (D:5)
  An orc warrior (D:7)
  A sky beast (D:6)
  4 centaurs
  3 ogres (D:6)
  3 black bears
  4 wolves (Lair:1)
  Blork the orc (D:7)
  7 bullfrogs
  4 gnoll sergeants
  A scorpion (D:5)
  4 necrophages
  A wight (D:7)
  9 killer bees
  4 howler monkeys
  6 hounds
  An orc priest (D:8)
  6 iguanas
  3 orc wizards
  7 gnolls
  9 adders
  3 shadow imps
  A white imp (D:7)
  An ufetubus (D:7)
  A worm (D:2)
  A dart slug (D:1)
  27 orcs
  4 bats
  4 endoplasms
  3 giant cockroaches
  7 goblins
  4 hobgoblins
  6 jackals
  3 kobolds
  2 quokkas
  8 ball pythons
  11 frilled lizards
  6 rats
197 creatures vanquished.

Vanquished Creatures (others)
  281 foxfires
  5 plants
286 creatures vanquished.

Grand Total: 483 creatures vanquished

Notes
Turn   | Place    | Note
-------+----------+-------------------------------------------
     0 | D:1      | croobank the Demigod Fire Elementalist began the quest for
                  | the Orb.
     0 | D:1      | Reached XP level 1. HP: 14/14 MP: 5/5
    50 | D:1      | Reached skill level 1 in Conjurations
   158 | D:1      | Reached skill level 2 in Stealth
   203 | D:1      | Reached XP level 2. HP: 20/20 MP: 5/7
   206 | D:1      | Learned a level 2 spell: Scorch
   732 | D:2      | Found Annul's General Store.
   739 | D:2      | Bought a scroll of identify for 24 gold pieces
   943 | D:2      | Reached XP level 3. HP: 27/27 MP: 3/8
  2092 | D:3      | Reached XP level 4. HP: 34/34 MP: 3/10
  2315 | D:3      | Identified the +11 hand axe of Defiance {freeze, Dex+4}
  2410 | D:4      | Reached skill level 1 in Fighting
  2888 | D:4      | Identified the +7 dagger of the Ass {protect, rElec Str-3
                  | Int+2}
  3068 | D:4      | Noticed a steam dragon
  3074 | D:4      | Reached XP level 5. HP: 23/40 MP: 11/11
  3078 | D:4      | Killed a steam dragon
  3079 | D:4      | Reached skill level 3 in Stealth
  3379 | D:4      | Learned a level 4 spell: Flame Wave
  3530 | D:5      | Entered Level 5 of the Dungeon
  3536 | D:5      | Found Kakhom's Magic Scroll Shop.
  3540 | D:5      | Bought a scroll of identify for 26 gold pieces
  3540 | D:5      | Bought a scroll of identify for 26 gold pieces
  3540 | D:5      | Bought a scroll of identify for 26 gold pieces
  3540 | D:5      | Bought a scroll of enchant armour for 97 gold pieces
  3574 | D:5      | Reached XP level 6. HP: 33/48 MP: 11/13
  3742 | D:5      | Found Reobozxy's Book Shop.
  4138 | D:5      | Reached XP level 7. HP: 56/56 MP: 5/14
  4372 | D:5      | Found Hetouhym's Jewellery Boutique.
  4543 | D:6      | Reached skill level 4 in Stealth
  4877 | D:6      | Learned a level 4 spell: Sticky Flame
  4972 | D:6      | Reached XP level 8. HP: 63/63 MP: 11/16
  5316 | D:6      | Reached skill level 5 in Stealth
  5316 | D:6      | Reached skill level 5 in Fire Magic
  5714 | D:7      | Found a transporter.
  5853 | D:7      | Noticed an oklob plant
  5868 | D:7      | Noticed pigah's ghost (novice OpAE)
  5873 | D:7      | Noticed a two-headed ogre
  5880 | D:7      | Noticed a cyclops
  5884 | D:7      | Noticed a cyclops
  6064 | D:7      | Found a staircase to the Ecumenical Temple.
  6204 | D:7      | Found a transporter.
  6403 | D:7      | Reached XP level 9. HP: 66/71 MP: 11/19
  6512 | D:7      | Noticed Blork the orc
  6534 | D:7      | Reached skill level 5 in Dodging
  6543 | D:7      | Killed Blork the orc
  6832 | D:7      | Reached skill level 5 in Conjurations
  6963 | D:7      | Reached skill level 6 in Stealth
  7082 | D:8      | Reached skill level 5 in Spellcasting
  7355 | D:8      | Found a runed translucent gate.
  7355 | D:8      | Found a runed translucent gate.
  7356 | D:8      | Found a runed translucent gate.
  7364 | D:8      | Noticed DocClef's ghost (novice DrDe)
  7612 | D:8      | Reached skill level 5 in Fighting
  8677 | D:9      | Found a staircase to the Lair.
  8875 | D:9      | Reached skill level 1 in Armour
  8875 | D:9      | Reached skill level 1 in Transmutations
  8875 | D:9      | Reached skill level 1 in Poison Magic
  8950 | D:9      | Reached XP level 10. HP: 40/81 MP: 14/21
  9512 | D:10     | Entered Level 10 of the Dungeon
  9535 | D:10     | Noticed a two-headed ogre
  9594 | Lair:1   | Entered Level 1 of the Lair of Beasts
  9696 | Lair:1   | Noticed a black mamba
  9731 | Lair:1   | Killed a black mamba
  9850 | Lair:1   | Reached skill level 7 in Stealth
 10171 | Lair:1   | Noticed a seven-headed hydra
 10465 | Lair:1   | Killed a seven-headed hydra
 10957 | Lair:2   | Noticed a torpor snail
 10991 | Lair:2   | Slain by a cane toad

Illustrated notes

Levels and vault maps discovered:
D:1:      lemuel_arrival_behind_the_door_small, layout_rooms
D:2:      layout_loops_cross, basic_altar, serial_shops,
          nicolae_shop_hallway_plus, minmay_lizard_pond
D:3:      layout_rooms
D:4:      layout_gridville, mainiacjoe_overflow_alcove_4
D:5:      layout_basic, overflow_temple_1_default, serial_shops,
          nicolae_lakefront_shop, shop, shop, item_on_display_a
D:6:      minmay_chambers_of_threes, layout_rooms
D:7:      layout_basic, minmay_temple_entry_wispy, nzn_ghost_randoct,
          sword_in_stone
D:8:      layout_loops_cross, gammafunk_ghost_necromancy
D:9:      layout_cave_pods, overflow_temple_1_default, lair_entry_dummy
D:10:     layout_irregular_city, lemuel_doored_altar, david_orc_5
Lair:1:   layout_gridlike, grunt_megastairs_5, lemuel_fruit_fields
Lair:2:   layout_cave_shapes, elwin_shoals_entry_rooms, wad_woods_river_02

Skill      XL: |  1  2  3  4  5  6  7  8  9 10 |
---------------+-------------------------------+-----
Conjurations   | 1 2 3 4 5 |  5.3
Stealth        | 2 3 4 5 6 7 |  7.3
Dodging        | 2 3 4 5 6 |  6.7
Spellcasting   | 2 3 4 5 |  5.1
Fire Magic     | 3 4 5 |  5.9
Fighting       | 1 2 3 4 5 6 |  6.2
Armour         | 1 3 |  3.3
Transmutations | 1 3 |  3.2
Poison Magic   | 1 3 |  3.3

Action                   |  1- 3 |  4- 6 |  7- 9 | 10-12 || total
-------------------------+-------+-------+-------+-------++-------
Melee: Short sword       |    30 |       |       |       ||    30
       Dagger            |     8 |     1 |     2 |    20 ||    31
       Hand axe          |       |    35 |    90 |    16 ||   141
       Punch             |       |       |     3 |       ||     3
 Cast: Foxfire           |    46 |    18 |    74 |    22 ||   160
       Scorch            |    13 |    16 |    69 |    26 ||   124
       Sticky Flame      |       |       |     1 |     1 ||     2
       Flame Wave        |       |       |     4 |     4 ||     8
  Use: Scroll            |     3 |    14 |     8 |     1 ||    26
       Potion            |       |       |     2 |     5 ||     7
 Stab: Sleeping          |     2 |     3 |     2 |     2 ||     9
Armor: Leather armour    |     1 |       |       |       ||     1
       Robe              |     9 |     3 |       |       ||    12
       Steam dragon scal |       |     7 |    36 |       ||    43
       Troll leather arm |       |       |     7 |    25 ||    32
Dodge: Dodged            |    17 |    29 |   132 |    75 ||   253

Table legend: (Time is in decaauts)
 A = Elapsed time spent in this place.
 B = Non-inter-level travel time spent in this place.
 C = Inter-level travel time spent in this place.
 D = Time resting spent in this place.
 E = Time spent auto-exploring this place.
 F = Levels seen in this place.
 G = Mean time per level.
                   A        B        C        D        E       F      G
               +--------+--------+--------+--------+--------+-----+--------+
         Total |  10996 |  10734 |    262 |   2251 |   6484 |  12 |  916.3 |
       Dungeon |   9628 |   9400 |    228 |   1778 |   6076 |  10 |  962.8 |
          Lair |   1368 |   1334 |     34 |    473 |    408 |   2 |  684.0 |
               +--------+--------+--------+--------+--------+-----+--------+

Top non-repeatable levels by time:
     D:8: 1451 daAuts
     D:7: 1352 daAuts
  Lair:1: 1319 daAuts
     D:6: 1182 daAuts
     D:4: 1156 daAuts
     D:9: 1063 daAuts
     D:5: 1015 daAuts
     D:2: 991 daAuts
     D:1: 710 daAuts
     D:3: 672 daAuts
  Lair:2: 48 daAuts
    D:10: 31 daAuts
